[Event "EU-ch 12th"]
[Site "Aix les Bains"]
[Date "2011.04.02"]
[Round "11"]
[White "Akopian, Vladimir Eduardovic"]
[Black "Lenic, Luka"]
[Result "1/2-1/2"]
[ECO "C96"]
[WhiteElo "2675"]
[BlackElo "2623"]
[Annotator "Marchand,A/Primel,D"]
[PlyCount "76"]
[EventDate "2011.03.22"]
[EventType "swiss"]
[EventRounds "11"]
[EventCountry "FRA"]
[SourceTitle "CBM 142 Extra"]
[Source "ChessBase"]
[SourceDate "2011.06.27"]
[SourceVersion "1"]
[SourceVersionDate "2011.06.27"]
[SourceQuality "1"]
[TimeControl "40/5400+30:1800+30"]

1. e4 e5 2. Nf3 Nc6 3. Bb5 a6 4. Ba4 Nf6 5. O-O Be7 6. Re1 b5 7. Bb3 d6 8. c3
O-O 9. h3 Na5 (9... Be6 10. d4) 10. Bc2 c5 11. d4 Nd7 (11... Qc7) 12. a4 (12.
Kh1 Bb7 13. d5 Nc4 14. b3 Ncb6 15. a4 bxa4 16. bxa4 a5 17. Na3 f5 18. exf5 Nxd5
19. Nb5 Kh8 20. c4 Nb4 21. Bb1 Nb6 22. Nd2 Bf6 23. Qh5 d5 24. cxd5 N6xd5 25.
Ne4 Nf4 26. Bxf4 exf4 {Sutovsky,E (2692)-Lenic,L (2623)/Aix-les-Bains 2011/CBM
142/1-0 (37)}) (12. Nbd2 exd4 13. cxd4 Nc6 14. a4 Rb8) (12. dxc5 dxc5 13. Nbd2
Bb7 14. b3 (14. Nf1 Nc4 15. b3) 14... Qc7 15. Nf1 Nf6 $11 {Volokitin,A (2676)
-Ragger,M (2615) AUT-chT 1011 2010 (6.1) 1/2}) 12... Bb7 13. d5 Qc7 ({RR} 13...
c4 14. Na3 bxa4 15. Be3 Rc8 16. Bxa4 f5 17. exf5 Rxf5 18. Bc2 Rf7 19. Nb1 Nc5
20. Ra2 Nab3 21. Na3 Na5 22. Nh2 Nd7 23. Ng4 Nf8 24. Be4 Qc7 25. Nc2 Bd8 26.
Nb4 Qd7 27. Nh2 Ra8 28. Nf3 {Corrales Jimenez,F (2504)-Delchev,A (2618)/
Figueres 2008/CBM 125 Extra/1-0 (66)}) 14. Qe2 (14. b3 c4 $132 {Berelowitsch,A
(2563)-Lenic,L (2641) EU-Cup 27th Rogaska Slatina 2011 (2) 1/2}) 14... Nb6 15. Bd2 bxa4 16. Bxa4 Nxa4 $11 17. Rxa4 Nb3 18. Be3 Rfb8 19. Nbd2 Bc8 20. Nxb3 Rxb3 21. Rea1 a5 (21... Rab8 22. Bc1)
22. R4a2 Bd7 $1 23. Nd2 Rb7 24. Qd1 Bb5 25. Ra3 (25. c4 Be8) 25... g6 26. R1a2 Kg7 (26... f5) 27. b3 Rba7 28. Qa1 {
Conformément au principe " des deux faiblesses", la pression des Blancs est
insuffisante pour jouer pour le gain} Ra6 29. c4 Bd7 30. Nb1 $6 {[%csl Rb3]
[%cal Gb1c3] Tentant mais l'affaiblissement du P"b3" va donner des ressources
tactiques aux Noirs} Rb6 31. Bd2 (31. Nc3) (31. Nd2 {Il vallait
peut-être encore mieux répéter les coups car les Noirs commencent а s'activer
dans la partie.}) 31... Qb7 $1 32. Rb2 a4 $1 33. Bc3 Rb8 34. Nd2 Bg5 $36 35.
Nf3 Bf6 (35... h6 36. Nxg5 hxg5 37. Bd2 f6 $15 {[%csl Ra3,Rb2,Rb3] Les pièces
Blanches sont mal placées}) 36. Nd2 Bg5 37. Nf3 Bf6 38. Nd2 {0h:06m:12s} Bg5 {
0h:01m:28s} 1/2-1/2